 Dungeon Crawl Stone Soup version 0.30.1-1-g62c8e00024 (webtiles) character file.

Game seed: 2513222338210958255

78 Gorgoleon the Charlatan (level 4, 44/44 HPs)
             Began as an Ogre Wanderer on July 14, 2023.
             Quit the game on level 3 of the Dungeon.
             The game lasted 00:05:48 (1725 turns).

Gorgoleon the Charlatan (Ogre Wanderer)             Turns: 1725, Time: 00:05:48

Health: 44/44      AC:  3    Str: 19    XL:     4   Next: 36%
Magic:  5/5        EV:  9    Int: 10    God:
Gold:   127        SH:  0    Dex: 10    Spells: 5/5 levels left

rFire   . . .        a - +0 club
rCold   . . .        (no shield)
rNeg    . . .        e - +0 robe
rPois   .            (helmet restricted)
rElec   .            (no cloak)
rCorr   .            (gloves unavailable)
SInv    .            (boots unavailable)
Will    .....        (no amulet)
Stlth   +            (no ring)
HPRegen 0.27/turn    (no ring)
MPRegen 0.09/turn

%: no passive effects
@: no status effects
A: large, unfitting armour, tough skin 1
a: no special abilities


You were on level 3 of the Dungeon.
You visited 1 branch of the dungeon, and saw 3 of its levels.

You collected 127 gold pieces.

Inventory:

Hand Weapons
 a - a +0 club (weapon)
Missiles
 g - 19 stones (quivered)
 r - 5 boomerangs
Armour
 e - a +0 robe (worn)
Jewellery
 j - an amulet of magic regeneration
Scrolls
 c - a scroll of teleportation
 d - a scroll of fear
 k - 2 scrolls of acquirement {unknown}
 l - a scroll of identify {unknown}
 o - 5 scrolls of blinking {unknown}
Potions
 b - 2 potions of attraction
 h - 2 potions of brilliance {unknown}
 i - a potion of cancellation {unknown}
 m - a potion of curing {unknown}
 n - 2 potions of heal wounds {unknown}
 p - a potion of degeneration {unknown}
 q - a potion of invisibility {unknown}
Miscellaneous
 f - a phial of floods (inert)


   Skills:
 + Level 2.8 Fighting
 + Level 3.1 Maces & Flails
 + Level 0.1 Throwing
 + Level 1.6 Dodging
 - Level 1.2 Spellcasting
 - Level 4.1 Evocations


You had 5 spell levels left.
You didn't know any spells.
Your spell library was empty.

Dungeon Overview and Level Annotations

Branches:
Dungeon (3/15)

Altars:

Shops:
D:2 =


Innate Abilities, Weirdness & Mutations

You are too large for most types of armour.
You have tough skin. (AC +1)


Message History

You kill the bat!
You hit the adder.
The adder is heavily wounded.
The adder bites you.
You barely miss the adder.
The adder is heavily wounded.
The adder bites you. The adder bites you but does no damage.
You hit the adder but do no damage.
The adder is heavily wounded.
The adder bites you.
You barely miss the adder.
The adder is heavily wounded.
The adder bites you. x2
You hit the adder.
The adder is heavily wounded.
The adder bites you but does no damage.
You hit the adder.
The adder is almost dead.
The adder barely misses you. x2
You miss the adder.
The adder is almost dead.
The adder closely misses you.
You closely miss the adder.
The adder is almost dead.
The adder bites you. The adder barely misses you.
You closely miss the adder.
The adder is almost dead.
The adder barely misses you.
You miss the adder.
The adder is almost dead.
The adder closely misses you. The adder barely misses you.
You closely miss the adder.
The adder is almost dead.
The adder bites you but does no damage.
You hit the adder.
You kill the adder!
You start resting.
HP restored.
Unknown command.
Are you sure you want to abandon this character and quit the game? (Confirm with "yes".)

... ##..
.... # #..
?# #.. ..
#.# .# #†#.#
#@..#
#...)†###
#......
#........
#..........
#..........#
...........#
#..........#


There were no monsters in sight!

Vanquished Creatures
  3 adders
  A dart slug (D:1)
  An orc (D:2)
  4 ball pythons
  7 endoplasms
  A giant cockroach (D:1)
  A hobgoblin (D:3)
  A jackal (D:1)
  9 kobolds
  2 quokkas (D:1)
  6 bats
  8 frilled lizards
  3 goblins
  4 rats
51 creatures vanquished.

Notes
Turn   | Place    | Note
-------+----------+-------------------------------------------
     0 | D:1      | Gorgoleon the Ogre Wanderer began the quest for the Orb.
     0 | D:1      | Gorgoleon set off with the following items: a +0 club, a
                  | potion of attraction, a scroll of teleportation, a scroll
                  | of fear, a +0 robe, a phial of floods.
     0 | D:1      | Reached XP level 1. HP: 22/22 MP: 2/2
   223 | D:1      | Reached skill level 1 in Maces & Flails
   223 | D:1      | Reached XP level 2. HP: 23/29 MP: 3/3
   561 | D:1      | Found a faded altar of an unknown god.
   679 | D:1      | Reached XP level 3. HP: 33/36 MP: 4/4
  1148 | D:2      | Found Dayv's Jewellery Emporium.
  1307 | D:2      | Reached XP level 4. HP: 44/44 MP: 5/5
  1725 | D:3      | Quit the game

Illustrated notes

Levels and vault maps discovered:
D:1:      dpeg_arrival_rooms_with_view, layout_loops_ring,
          shapermc_ecumenical_altar_pompeii, st_stairs_7, kennysheep_flooded_box
D:2:      layout_basic, serial_shops, nicolae_square_shop, minmay_lizard_pond
D:3:      layout_rooms, chequers_hall_statues_wall_a, minmay_box_of_dots

Skill      XL: |  1  2  3  4 |
---------------+-------------+-----
Maces & Flails | 1 2 3 |  3.1
Fighting       | |  2.8
Throwing       | |  0.1
Dodging        | |  1.6
Spellcasting   | |  1.2
Evocations     | |  4.1

Action                     |  1- 3 |  4- 6 || total
---------------------------+-------+-------++-------
  Melee: Club              |   170 |    39 ||   209
         Punch             |     1 |       ||     1
  Evoke: Phial of floods   |     1 |       ||     1
   Stab: Sleeping          |     2 |       ||     2
 Armour: Robe              |    71 |    18 ||    89
  Dodge: Dodged            |    89 |    24 ||   113
